[Event "Polish University-ch Teams 2024"]
[Site "Lublin"]
[Date "2024.02.24"]
[Round "1.18"]
[White "Bednarska, Julita"]
[Black "Adamczyk, Zuzanna"]
[Result "0-1"]
[ECO "B13"]
[WhiteElo "1389"]
[BlackElo "1970"]
[Annotator "NA RC"]
[PlyCount "124"]
[EventDate "2024.02.22"]
[EventType "team-tourn"]
[EventCountry "POL"]
[SourceTitle "playchess.com"]
[Source "ChessBase"]
[SourceQuality "1"]
[TimeControl "900+5"]

1. e4 c6 2. Nf3 d5 3. exd5 cxd5 4. d4 Nf6 5. Nc3 Bg4 6. Be2 e6 7. O-O Be7 8. h3 Bf5 9. Ne5 h6 10. Bd3 Bxd3 11. Qxd3 O-O 12. Qg3 Kh7 13. a3 Nc6 14. Qd3+ Kh8 15. Re1 Nd7 16. Nxd7 Qxd7 17. Bf4 Bd6 18. Bxd6 Qxd6 19. Re3 Ne7 20. Rae1 Nf5 21. R3e2 Rfd8 22. Nd1 a6 23. c3 b5 24. Ne3 Ne7 25. Nf1 Nc8 26. Nd2 Nb6 27. b4 Nc4 28. Nxc4 bxc4 29. Qf3 Qd7 30. Ra1 a5 31. Rea2 Rdb8 32. Qe2 Qa4 33. Qc2 Qxc2 34. Rxc2 axb4 35. cxb4 Rxb4 36. Rc3 Rb2 37. a4 Ra5 38. Kf1 Rb3 39. Rxb3 cxb3 40. Rb1 Rxa4 41. Rxb3 Rxd4 42. Rb8+ Kh7 43. Rb7 Kg6 44. Rb2 Rc4 45. Ke2 Rc6 46. Rd2 Rd6 47. f4 f6 48. g3 e5 49. Kf3 h5 50. fxe5 fxe5 51. g4 hxg4+ 52. hxg4 Kg5 53. Re2 e4+ 54. Kg3 Kf6 55. Rf2+ Ke6 56. Kf4 Rd8 57. Re2 Rf8+ 58. Ke3 Ke5 59. Rc2 d4+ 60. Kd2 Rf2+ 61. Kd1 Rxc2 62. Kxc2 Kf4 0-1

[Event "Polish University-ch Teams 2024"]
[Site "Lublin"]
[Date "2024.02.24"]
[Round "1.19"]
[White "Gluch, Pawel"]
[Black "Dzida, Kamil"]
[Result "0-1"]
[ECO "B31"]
[WhiteElo "1695"]
[BlackElo "2403"]
[Annotator "TA"]
[PlyCount "54"]
[EventDate "2024.02.22"]
[EventType "team-tourn"]
[EventCountry "POL"]
[SourceTitle "playchess.com"]
[Source "ChessBase"]
[SourceQuality "1"]
[TimeControl "900+5"]

1. e4 c5 2. Be2 Nc6 3. f4 Nd4 4. Nf3 Nxe2 5. Qxe2 d6 6. O-O e6 7. c3 Nf6 8. d4 {[%emt 0:00:04] White has an edge.} cxd4 9. cxd4 Be7 10. Nc3 O-O 11. e5 Nd5 12. Nxd5 exd5 13. Be3 Bf5 14. Rac1 Qa5 15. a3 Rac8 16. h3 Qb6 17. g4 Be4 18. f5 (18. b4 $15) 18... Qb3 {[%emt 0:00:05] Threatens to win with ...dxe5. Black is more active.} (18... Bxf3 {simplifies} 19. Qxf3 dxe5 20. dxe5 Qxb2 21. Qxd5 Qxa3 22. Qd4 a5) 19. Rxc8 Rxc8 20. Nd2 (20. f6 $1 $15 Bd8 (20... gxf6 21. exf6 Bd8 22. Qf2 $11) 21. Qf2) 20... Qd3 (20... Qxb2 $19 21. f6 gxf6 22. exf6 Bf8) 21. Qf2 $2 {[%emt 0:00:31] This move loses the game for White.} ({Better is} 21. Qxd3 $15 Bxd3 22. Rd1) 21... dxe5 $19 {[%emt 0:00:57] White is weak on the light squares} 22. dxe5 {[%emt 0:00:30][%cal Od2e4] [#]} Rc2 $1 {[%emt 0:00:12][%cal Oe7c5] And now ...Bc5! would win.} 23. Rd1 $2 (23. Re1) 23... d4 24. Bf4 Qxh3 25. Nxe4 Qxg4+ 26. Qg3 Qxd1+ 27. Qe1 Qxe1# {[%emt 0:00:01] Weighted Error Value: White=1.03/Black=0.18 (very precise) .  Loses game:     	White=1     	---        Mistake:       	White=3     	Black=1      Inaccurate:     	White=2     	Black=1      OK:         	White=5     	Black=6      Strong:       	---       	Black=1} 0-1

[Event "Polish University-ch Teams 2024"]
[Site "Lublin"]
[Date "2024.02.24"]
[Round "1.20"]
[White "Golenia, Jan"]
[Black "Drygas, Wojciech"]
[Result "0-1"]
[ECO "E11"]
[WhiteElo "2221"]
[BlackElo "1630"]
[Annotator "RC"]
[PlyCount "82"]
[EventDate "2024.02.22"]
[EventType "team-tourn"]
[EventCountry "POL"]
[SourceTitle "playchess.com"]
[Source "ChessBase"]
[SourceQuality "1"]
[TimeControl "900+5"]

1. d4 Nf6 2. c4 e6 3. Nf3 Bb4+ 4. Bd2 Qe7 5. g3 Nc6 6. Bg2 Bxd2+ 7. Nbxd2 O-O 8. O-O d6 9. e4 e5 10. d5 Nb8 11. b4 a5 12. a3 Na6 13. Qb3 Bd7 14. Rfc1 c6 15. Ne1 cxd5 16. cxd5 axb4 17. axb4 Bb5 18. Ra5 Qd7 19. Rca1 Nc7 20. Nc4 Bxc4 21. Qxc4 Rfc8 22. Qb3 h6 23. Nc2 Rxa5 24. Rxa5 Nb5 25. Bf1 Nc3 26. f3 Qc7 27. Ne3 Qb6 28. Kf2 Nfxe4+ 29. fxe4 Nxe4+ 30. Kg2 Rc3 31. Qb1 Qxe3 32. Ra2 g6 33. Re2 Qf3+ 34. Kg1 Ng5 35. Qd1 Re3 36. Rd2 Qe4 37. Qc2 Nf3+ 38. Kf2 Nxd2 39. Qxd2 Rf3+ 40. Kg1 Qe3+ 41. Qxe3 Rxe3 0-1

[Event "Polish University-ch Teams 2024"]
[Site "Lublin"]
[Date "2024.02.24"]
[Round "1.21"]
[White "Klok, Kacper"]
[Black "Golenia, Wojciech"]
[Result "0-1"]
[ECO "E32"]
[WhiteElo "1480"]
[BlackElo "2212"]
[Annotator "RC"]
[PlyCount "46"]
[EventDate "2024.02.22"]
[EventType "team-tourn"]
[EventCountry "POL"]
[SourceTitle "playchess.com"]
[Source "ChessBase"]
[SourceQuality "1"]
[TimeControl "900+5"]

1. d4 Nf6 2. c4 e6 3. Nc3 Bb4 4. Qc2 O-O 5. Bg5 d5 6. e3 Nbd7 7. Nf3 dxc4 8. Bxc4 a6 9. O-O h6 10. Bh4 b5 11. Bd3 Bb7 12. a3 Be7 13. Bg3 c5 14. Rad1 Qb6 15. Ne4 Rac8 16. Qb1 c4 17. Bc2 Rfd8 18. Nc3 a5 19. e4 b4 20. axb4 axb4 21. Na4 Qb5 22. b3 cxb3 23. Qxb3 Nxe4 0-1

[Event "Polish University-ch Teams 2024"]
[Site "Lublin"]
[Date "2024.02.24"]
[Round "1.22"]
[White "Musial, Tomasz"]
[Black "Polak, Sylwia"]
[Result "1-0"]
[ECO "C02"]
[WhiteElo "2171"]
[BlackElo "1565"]
[Annotator "RC"]
[PlyCount "71"]
[EventDate "2024.02.22"]
[EventType "team-tourn"]
[EventCountry "POL"]
[SourceTitle "playchess.com"]
[Source "ChessBase"]
[SourceQuality "1"]
[TimeControl "900+5"]

1. e4 e6 2. d4 d5 3. e5 c5 4. c3 Nc6 5. Nf3 Bd7 6. Be2 Qb6 7. O-O cxd4 8. cxd4 Nh6 9. Nc3 Nf5 10. Na4 Qa5 11. Bd2 Qd8 12. Bc3 Be7 13. a3 O-O 14. b4 Rc8 15. Rc1 f6 16. exf6 Bxf6 17. Nc5 b6 18. Nb3 Nd6 19. Ne5 Ne4 20. Bb2 Bg5 21. Rc2 Qe7 22. Ba6 Nxe5 23. Bxc8 Nc4 24. Bxd7 Qxd7 25. Bc1 Bd8 26. f3 Ned6 27. Qd3 Bc7 28. Nd2 Qf7 29. Nxc4 Nxc4 30. Qe2 Qf5 31. Re1 Re8 32. Rc3 Qf6 33. Rd3 Qh4 34. f4 Bxf4 35. g3 Bxg3 36. hxg3 1-0

[Event "Polish University-ch Teams 2024"]
[Site "Lublin"]
[Date "2024.02.24"]
[Round "1.23"]
[White "Szpila, Piotr"]
[Black "Babiarz, Arkadiusz"]
[Result "0-1"]
[ECO "B43"]
[WhiteElo "1484"]
[BlackElo "2159"]
[Annotator "RC"]
[PlyCount "87"]
[EventDate "2024.02.22"]
[EventType "team-tourn"]
[EventCountry "POL"]
[SourceTitle "playchess.com"]
[Source "ChessBase"]
[SourceQuality "1"]
[TimeControl "900+5"]

1. e4 c5 2. Nf3 e6 3. d4 cxd4 4. Nxd4 a6 5. Nc3 Qc7 6. Bd3 Nf6 7. h3 b5 8. O-O Bb7 9. a3 d6 10. Re1 Nbd7 11. Bd2 Be7 12. Qf3 Ne5 13. Qg3 Nh5 14. Qe3 Nc4 15. Bxc4 Qxc4 16. Qd3 Rc8 17. Rac1 Nf6 18. Nb3 Qc7 19. Qg3 O-O 20. Bh6 Ne8 21. Rcd1 Bf6 22. Rd3 d5 23. e5 Be7 24. Bg5 b4 25. Bxe7 Qxe7 26. axb4 Qxb4 27. Rd4 Rc4 28. Red1 a5 29. Qe3 a4 30. Na2 Qb5 31. Rxc4 Qxc4 32. Nbc1 Qxc2 33. Qd2 Qg6 34. Qb4 Bc6 35. Qc3 Bb5 36. Rd4 Bc4 37. Rg4 Qb1 38. Nb4 f5 39. exf6 Nxf6 40. Rg3 Qe4 41. Ncd3 Bxd3 42. Nxd3 d4 43. Qc7 g6 44. Ne5 0-1

[Event "Polish University-ch Teams 2024"]
[Site "Lublin"]
[Date "2024.02.24"]
[Round "1.24"]
[White "Giefert, Sara"]
[Black "Jakubowska, Urszula"]
[Result "1-0"]
[ECO "D00"]
[WhiteElo "1704"]
[BlackElo "1352"]
[Annotator "NA RC"]
[PlyCount "51"]
[EventDate "2024.02.22"]
[EventType "team-tourn"]
[EventCountry "POL"]
[SourceTitle "playchess.com"]
[Source "ChessBase"]
[SourceQuality "1"]
[TimeControl "900+5"]

1. d4 Nf6 2. Bg5 e6 3. e3 Be7 4. Bd3 d5 5. Nd2 Nbd7 6. f4 c5 7. c3 b6 8. Ngf3 Bb7 9. O-O h6 10. Bh4 Ne4 11. Bxe7 Qxe7 12. Ne5 Ndf6 13. Bb5+ Kf8 14. f5 a6 15. Bd3 Nxd2 16. Qxd2 Nd7 17. Ng4 Nf6 18. fxe6 Qxe6 19. Ne5 Ke7 20. Rae1 Rhf8 21. Qf2 Ng4 22. Qh4+ Nf6 23. Rf2 Kd6 24. Ref1 Bc8 25. Rxf6 gxf6 26. Rxf6 1-0

[Event "Polish University-ch Teams 2024"]
[Site "Lublin"]
[Date "2024.02.24"]
[Round "2.1"]
[White "Watorek, Marcin"]
[Black "Janik, Igor"]
[Result "0-1"]
[ECO "A42"]
[WhiteElo "2018"]
[BlackElo "2499"]
[Annotator "ChessBase"]
[PlyCount "76"]
[EventDate "2024.02.22"]
[EventType "team-tourn"]
[EventCountry "POL"]
[SourceTitle "playchess.com"]
[Source "ChessBase"]
[SourceQuality "1"]
[TimeControl "900+5"]

1. d4 g6 2. c4 Bg7 3. e4 d6 4. Nc3 Nc6 5. d5 Nd4 6. Be3 c5 7. dxc6 Nxc6 8. Nf3 Bg4 9. Be2 Bxf3 10. Bxf3 Nf6 11. O-O O-O 12. Rc1 Nd7 13. Be2 Nc5 14. f3 Ne6 15. Re1 Ned4 16. Nb5 Ne6 17. Rc2 Qa5 18. a3 Rfc8 19. b4 Qd8 20. Nc3 Ncd4 21. Rc1 a5 22. Nd5 axb4 23. axb4 Ra3 24. f4 Rxe3 25. Nxe3 Nxf4 26. Bg4 Ra8 27. Nd5 Nxd5 28. cxd5 h5 29. Bh3 Be5 30. Rf1 Qb6 31. Kh1 Ra2 32. Rc8+ Kg7 33. Qb1 Qa7 34. Rc7 Ne2 35. Rxe7 Ra1 36. Rfxf7+ Kh6 37. Rh7+ Kg5 38. Rxe5+ dxe5 0-1

[Event "Polish University-ch Teams 2024"]
[Site "Lublin"]
[Date "2024.02.24"]
[Round "2.2"]
[White "Kowalski, Igor"]
[Black "Golda, Sebastian"]
[Result "1-0"]
[ECO "B08"]
[WhiteElo "2372"]
[BlackElo "2107"]
[Annotator "TA"]
[PlyCount "83"]
[EventDate "2024.02.22"]
[EventType "team-tourn"]
[EventCountry "POL"]
[SourceTitle "playchess.com"]
[Source "ChessBase"]
[SourceQuality "1"]
[TimeControl "900+5"]

1. d4 Nf6 2. Nf3 g6 3. Nc3 Bg7 4. e4 d6 5. Bc4 c6 6. Bb3 O-O 7. Qe2 a5 8. a4 Na6 9. Bg5 Qc7 {[%emt 0:02:03] White has an edge.} 10. e5 dxe5 11. Nxe5 Nb4 (11... Qd6 $11 {remains equal.}) 12. h4 $16 Nfd5 {[%emt 0:02:00] [#] Strongly threatening ...f6.} 13. Nxd5 (13. h5 {feels hotter.} f6 14. hxg6 hxg6 15. Nxg6 fxg5 16. Nxe7+ Kf7 17. Nexd5 cxd5 18. Nxd5 Nxd5 19. Bxd5+ Kg6 20. Be4+) 13... Nxd5 14. c4 $2 {[%emt 0:05:51] White is much more active.} (14. h5 $16) 14... Nb4 15. Bf4 {[%emt 0:00:20][%cal Oe5g6] Threatens to win with Nxg6!} Qd8 16. O-O-O f6 (16... b5 $1 $11) 17. Nf3 (17. c5+ $16 Nd5 18. Nd3) 17... Bf5 (17... h5 $11) 18. h5 $36 {[%emt 0:00:19][%cal Bh4h5,Bh5h6][%mdl 2080] White has good play.} g5 $1 19. h6 Bh8 20. Bg3 Qd7 (20... c5 $11 {keeps the balance.}) 21. Rhe1 Rae8 (21... Rfe8 $14) 22. Qe3 (22. c5+ $16 Rf7 23. Nh2 (23. Bxf7+ Kxf7 24. Qc4+ Kg6 $11)) 22... Bg6 (22... e6 $14) 23. c5+ $16 Nd5 24. Nd2 Bf7 25. Qf3 Nb4 (25... e5 $142) 26. Bxf7+ Rxf7 27. Qb3 Kf8 (27... Qd5 $16) 28. Nc4 $18 Qd5 29. Nxa5 $2 ({White should try} 29. Bc7 $18) 29... Qxb3 $14 30. Nxb3 e5 (30... Ra8 $14) 31. dxe5 $18 fxe5 32. Re4 Nd5 33. Rde1 Rf5 $2 {[%emt 0:00:14] [#] This move loses the game for Black.} (33... Re6 $16 34. Nd4 (34. Bxe5 Bxe5 35. Rxe5 Rxe5 $16) 34... Rxh6) 34. Nd4 $1 Rf7 35. Nf3 Nf4 36. Bxf4 ({Resist} 36. Nxg5 $6 Nd3+ 37. Kb1 Nxe1) 36... gxf4 37. Nxe5 Rfe7 38. Nd7+ Kf7 39. Rxf4+ Kg6 40. Rd1 Re1 41. Rb4 Rxd1+ (41... R1e4 $142 42. Rxb7 (42. Rd6+ Kf5 $16) 42... Rxa4 43. Rd6+ Kf5 44. Rxc6 Ra1+ 45. Kd2 Rf1) 42. Kxd1 {[%emt 0:00:01] Weighted Error Value: White=0.33/Black=0.48.  Loses game:     	---       	Black=1      Mistake:       	White=4     	Black=10     Inaccurate:     	White=3     	Black=3      OK:         	White=11    	Black=4      Best:        	White=2     	Black=5      Strong:       	---       	Black=1} 1-0

[Event "Polish University-ch Teams 2024"]
[Site "Lublin"]
[Date "2024.02.24"]
[Round "2.3"]
[White "Kulesza, Andrzej"]
[Black "Molenda, Marcin"]
[Result "1-0"]
[ECO "B42"]
[WhiteElo "2076"]
[BlackElo "2377"]
[Annotator "RC"]
[PlyCount "101"]
[EventDate "2024.02.22"]
[EventType "team-tourn"]
[EventCountry "POL"]
[SourceTitle "playchess.com"]
[Source "ChessBase"]
[SourceQuality "1"]
[TimeControl "900+5"]

1. e4 c5 2. Nf3 e6 3. d4 cxd4 4. Nxd4 a6 5. Bd3 Qc7 6. O-O Nf6 7. Qe2 d6 8. c4 Nbd7 9. f4 Be7 10. Nc3 O-O 11. Kh1 Re8 12. Bd2 b6 13. Rae1 e5 14. Nf3 Bb7 15. f5 Rac8 16. b3 Qb8 17. Rg1 Nc5 18. Bb1 b5 19. g4 bxc4 20. bxc4 Bf8 21. g5 Nh5 22. g6 fxg6 23. fxg6 h6 24. Nh4 Nf4 25. Qf3 Nce6 26. Nd5 Rxc4 27. Nxf4 exf4 28. Ng2 Ng5 29. Qb3 d5 30. Bxf4 Rb4 31. Bxb8 Rxb3 32. axb3 Rxb8 33. Rgf1 dxe4 34. Ne3 Nf3 35. Re2 Bc5 36. Rc1 Bd4 37. Rc4 Rd8 38. Kg2 Rd6 39. Nf5 Rxg6+ 40. Ng3 Rg4 41. Bxe4 Bxe4 42. Rxe4 Rxe4 43. Nxe4 Nh4+ 44. Kh3 Nf5 45. Ng3 Nxg3 46. Rxd4 Ne2 47. Ra4 Nc1 48. Rb4 Nd3 49. Rb6 Nc5 50. Kg4 a5 51. Rb5 1-0

[Event "Polish University-ch Teams 2024"]
[Site "Lublin"]
[Date "2024.02.24"]
[Round "2.4"]
[White "Chylewski, Patryk"]
[Black "Namyslak, Piotr"]
[Result "1/2-1/2"]
[ECO "B01"]
[WhiteElo "2285"]
[BlackElo "1763"]
[Annotator "TA"]
[PlyCount "92"]
[EventDate "2024.02.22"]
[EventType "team-tourn"]
[EventCountry "POL"]
[SourceTitle "playchess.com"]
[Source "ChessBase"]
[SourceQuality "1"]
[TimeControl "900+5"]

1. e4 d5 2. exd5 Qxd5 3. Nc3 Qa5 4. d4 c6 5. Nf3 Nf6 6. Bc4 Bf5 7. O-O e6 8. Ne2 Bd6 9. Ng3 Bg6 10. c3 Nbd7 11. Re1 O-O 12. Nh4 Qc7 13. Nxg6 hxg6 14. Bg5 Bf4 15. Bxf4 Qxf4 16. Qc2 Rfd8 17. Rad1 c5 18. Be2 (18. Ne4 {sieht schärfer aus.} Ng4 19. g3 Qf5 20. Qe2) 18... Qc7 19. Bf3 Rac8 20. Qe2 a6 21. dxc5 Nxc5 22. h3 b5 23. Rxd8+ Rxd8 24. Rd1 Na4 {[%emt 0:01:27] ...Rxd1+ wäre nun fies.} 25. Rxd8+ Qxd8 26. Nf1 Qd6 27. Ne3 Nd7 28. Qd1 Qxd1+ 29. Nxd1 $11 {[%emt 0:00:03][%mdl 4096] Endspiel. KBN-KNN} Ne5 30. Be2 Kf8 31. f4 Nd7 32. Kf2 Ke7 33. Bf3 Kd6 34. Ke3 Ndb6 35. b3 {[%emt 0:00:14] Gegen Nc4+ gerichtet.} Nc5 36. g3 a5 37. Kd2 Nd5 {[%emt 0:00:35] Die Stellung ist ausgeglichen.} 38. Nf2 b4 39. Bxd5 Kxd5 40. cxb4 axb4 {[%emt 0:00:01] KN-KN} 41. Ke3 {[%emt 0:00:03] Es drohte Ne4} f6 42. g4 g5 43. fxg5 fxg5 44. Nd1 $1 Ne4 45. Kd3 {[%emt 0:00:02] [#] Und Ne3+ würde nun gewinnen.} Nc5+ 46. Ke3 Ne4 {[%emt 0:00:00] Gewichteter Fehlerwert: Weiß=0.05 (makellos) /Schwarz=0.05 (makellos) .  Ungenau:       	Weiß=1     	Schwarz=2     OK:         	Weiß=15    	Schwarz=16    Bester:       	Weiß=1     	---        Stark:        	Weiß=1     	---} 1/2-1/2

[Event "Polish University-ch Teams 2024"]
[Site "Lublin"]
[Date "2024.02.24"]
[Round "2.5"]
[White "Panczuk, Grzegorz"]
[Black "Jarzebowski, Kacper"]
[Result "0-1"]
[ECO "E94"]
[WhiteElo "1736"]
[BlackElo "2135"]
[Annotator "NA RC"]
[PlyCount "74"]
[EventDate "2024.02.22"]
[EventType "team-tourn"]
[EventCountry "POL"]
[SourceTitle "playchess.com"]
[Source "ChessBase"]
[SourceQuality "1"]
[TimeControl "900+5"]

1. d4 Nf6 2. c4 g6 3. f3 Bg7 4. e4 d6 5. Nc3 O-O 6. Be3 e5 7. Nge2 exd4 8. Nxd4 Nc6 9. Be2 Bd7 10. Qd2 Re8 11. O-O a5 12. b3 Nxd4 13. Bxd4 Bc6 14. Rac1 Nd7 15. Bxg7 Kxg7 16. Nd5 Bxd5 17. cxd5 Nc5 18. Bd3 Qf6 19. Bb1 h5 20. f4 Nxe4 21. Bxe4 Rxe4 22. Rxc7 a4 23. f5 g5 24. Kh1 Rd4 25. Qe2 Rxd5 26. Qxh5 axb3 27. axb3 Rxf5 28. Rg1 Rh8 29. Qg4 Rf4 30. Qg3 Qe5 31. h3 b5 32. Re1 Rf1+ 33. Rxf1 Qxg3 34. Rcxf7+ Kg6 35. R7f6+ Kh5 36. R6f3 Qe5 37. h4 Kg6 0-1

[Event "Polish University-ch Teams 2024"]
[Site "Lublin"]
[Date "2024.02.24"]
[Round "2.6"]
[White "Antolak, Julia"]
[Black "Ligeza, Aleksandra"]
[Result "1-0"]
[ECO "B32"]
[WhiteElo "2309"]
[BlackElo "1170"]
[Annotator "TA"]
[PlyCount "67"]
[EventDate "2024.02.22"]
[EventType "team-tourn"]
[EventCountry "POL"]
[SourceTitle "playchess.com"]
[Source "ChessBase"]
[SourceQuality "1"]
[TimeControl "900+5"]

1. e4 c5 2. Nf3 Nc6 3. d4 cxd4 4. Nxd4 e5 5. Nb5 d6 6. a4 a6 7. N5c3 Be7 8. Nd5 Nf6 {[%emt 0:00:09] White is slightly better.} 9. Nbc3 Be6 10. Be2 Bxd5 11. exd5 Nd4 12. Be3 Nxe2 13. Qxe2 O-O 14. O-O Nd7 15. a5 Bg5 16. b4 (16. Ne4 $11 Be7 17. Nd2) 16... Bxe3 17. fxe3 b6 18. Ne4 bxa5 19. Rxa5 (19. Nxd6 axb4 20. Qc4 Nf6 21. Qxb4 Nxd5 $17) 19... Qb6 20. c3 $36 {[%emt 0:00:13][%mdl 2048] White has some pressure.} f5 21. Ng5 f4 22. Ne6 Rf7 (22... Rfc8 $5) 23. Rf3 Nf6 24. Kh1 fxe3 25. h3 (25. Qxe3 $2 Qxe3 26. Rxe3 Nxd5 $19) (25. Rxe3 Ng4 26. Rf3 Nf2+ 27. Qxf2 Qxf2 28. Rxf2 Rxf2 $19) 25... Nd7 $2 {[%emt 0:01:02][%mdl 8192] [#]} (25... Ne4 $11) 26. Rxf7 $1 $18 (26. Qxe3 Qxe3 27. Rxe3 Rf1+ 28. Kh2 Nb6 $16) ({Less strong is} 26. Rxe3 Nf6 27. Kh2 Qb8 $16) 26... Kxf7 27. Qh5+ Kf6 28. Qg5+ Kf7 29. Qxg7+ Ke8 30. Qg8+ Ke7 31. Qxh7+ Kf6 32. Qg7+ {[%emt 0:00:31] White mates.} Kf5 33. Qg5+ Ke4 34. Qg6# {[%emt 0:02:32] Weighted Error Value: White=0.13 (very precise) /Black=0.46.  Loses game:     	---       	Black=1      Mistake:       	White=1     	---        Inaccurate:     	White=1     	Black=1      OK:         	White=8     	Black=9      Best:        	---       	Black=1      Strong:       	White=1     	---} 1-0

[Event "Polish University-ch Teams 2024"]
[Site "Lublin"]
[Date "2024.02.24"]
[Round "2.7"]
[White "Baum, Jonasz"]
[Black "Zaleski, Lukasz"]
[Result "1-0"]
[ECO "C02"]
[WhiteElo "2400"]
[BlackElo "2182"]
[Annotator "TA"]
[PlyCount "79"]
[EventDate "2024.02.22"]
[EventType "team-tourn"]
[EventCountry "POL"]
[SourceTitle "playchess.com"]
[Source "ChessBase"]
[SourceQuality "1"]
[TimeControl "900+5"]

1. d4 e6 2. e4 d5 3. e5 c5 4. c3 Qb6 5. Nf3 Nc6 6. Na3 cxd4 7. cxd4 Bd7 8. Nc2 Rc8 9. Be2 Nge7 10. O-O Ng6 {[%emt 0:01:13] The position is equal.} 11. h4 Be7 12. g3 O-O 13. h5 Nh8 14. h6 g6 15. Ne3 f6 16. exf6 Bxf6 17. Ng4 Bxd4 18. Nxd4 Qxd4 19. Bd2 ({White should play} 19. Be3 $16 Qxd1 20. Rfxd1 (20. Raxd1 Rf5 $16)) 19... Ne5 $11 20. Nxe5 Qxe5 21. Bc3 Rxc3 22. bxc3 Qxc3 (22... Nf7 $1 $14) 23. Rc1 Qe5 24. Re1 ({Better is} 24. Bg4 $16 {Re1 would now be deadly.} Nf7 25. Qe1) 24... Nf7 $2 {[%emt 0:00:13] [#]} (24... Qf6 $1 $11 {and Black stays safe.} 25. Rf1 Nf7) 25. Bb5 $1 $36 {[%emt 0:01:30][%mdl 2560] White is on the roll.} Qd6 {[%emt 0:00:03] [#]} 26. Bxd7 (26. Qa4 $1 $16 Bxb5 27. Qxb5) 26... Qxd7 $14 27. Qg4 {[%emt 0:00:03] White is more active.} Nxh6 ({Black should try} 27... Nd8 $14) 28. Qxe6+ $18 Qxe6 29. Rxe6 $14 {[%emt 0:00:02][%mdl 4096] Endgame. KRR-KRN} Nf5 {[%emt 0:00:08][%cal Bh6f5,Bf5h4,Bh4f3][%mdl 32] Against Re7} 30. Rc7 {[%emt 0:00:19][%mdl 1024] White has strong compensation.} d4 (30... Rf7 $142 31. Re8+ Kg7) 31. Rd7 Rc8 $2 (31... Rf7 32. Re8+ Kg7) 32. g4 $18 {[%emt 0:00:39] White is clearly winning.} ({But not} 32. Rxb7 Rd8 33. Kf1 (33. Rxa7 d3 $11) 33... d3 $18) 32... Nh4 33. Ree7 {[%emt 0:00:02] Hoping for Rg7+.} Nf3+ 34. Kg2 {[%emt 0:00:02] Black must now prevent Rg7+.} Ng5 35. Rxd4 Rf8 36. f4 Nf7 37. Rxb7 a5 38. Rdd7 {[%emt 0:00:07] Strongly threatening g5.} a4 39. Ra7 (39. g5 $142 Kg7 40. Ra7) 39... a3 40. Rxa3 {[%emt 0:00:00] Weighted Error Value: White=0.37/Black=0.67.  Loses game:     	---       	Black=1      Mistake:       	White=3     	Black=4      Inaccurate:     	White=2     	Black=7      OK:         	White=9     	Black=6      Best:        	White=4     	---        Brilliant:      	White=1     	---} 1-0

[Event "Polish University-ch Teams 2024"]
[Site "Lublin"]
[Date "2024.02.24"]
[Round "2.8"]
[White "Demianowicz, Maciej"]
[Black "Koziorowicz, Michal"]
[Result "0-1"]
[ECO "B52"]
[WhiteElo "1972"]
[BlackElo "2324"]
[Annotator "TA"]
[PlyCount "82"]
[EventDate "2024.02.22"]
[EventType "team-tourn"]
[EventCountry "POL"]
[SourceTitle "playchess.com"]
[Source "ChessBase"]
[SourceQuality "1"]
[TimeControl "900+5"]

1. e4 c5 2. Nf3 d6 3. Bb5+ Bd7 4. Bxd7+ Nxd7 5. O-O Ngf6 6. Re1 g6 7. c3 Bg7 8. d4 cxd4 9. cxd4 O-O 10. Nc3 Ne8 ({Better is} 10... e5 $14) 11. Be3 Nb6 12. b3 {[%emt 0:00:12] White is better.} Nc7 13. Rc1 Rc8 14. Qd2 d5 15. e5 Ne6 16. Bh6 ({White should try} 16. h4 $16) 16... Na8 $14 17. Bxg7 Kxg7 18. Ne2 Qb6 19. Rxc8 Rxc8 20. Rc1 Rxc1+ 21. Qxc1 Nac7 22. Qd2 a5 23. h4 h5 24. Ng5 Qb5 25. Nxe6+ Nxe6 26. Nf4 (26. f3 $11 {keeps the balance.}) 26... Nxf4 $17 27. Qxf4 {[%emt 0:00:01][%mdl 4096] Endgame. KQ-KQ} Qe2 28. Qe3 $2 {[%emt 0:01:10] [#] This move loses the game for White.} (28. Kh2 $17) 28... Qxa2 $19 29. e6 f6 {[%emt 0:00:07] Inhibits Qe5.} (29... Qb1+ $142 30. Kh2 Qe4) 30. Kh2 $2 (30. Qc3 {is the only way for White.} Qb1+ 31. Kh2) 30... b5 31. Qf3 Qa3 32. g3 $2 (32. Qxd5 $2 Qd6+ 33. Qxd6 exd6 $19) (32. Qc3 Qd6+ 33. Kg1) 32... Qd6 33. Qc3 a4 34. bxa4 bxa4 (34... Qxe6 35. axb5 Kf8 36. Kg1 $16) 35. Qc8 a3 36. Qa8 {[%emt 0:00:01] [#]} g5 $1 (36... Qxe6 37. Qxa3 Qe2 38. Kg2 $17) 37. hxg5 fxg5 {[%emt 0:00:01][%cal Oh5h4] White must now prevent ...h4!} 38. Kg2 h4 ({Less strong is} 38... Qxe6 39. Qxa3 Qe4+ 40. Kg1 $17) 39. gxh4 gxh4 40. Qa4 $2 (40. Kh3 {was the only chance.}) 40... Kf6 ({Not} 40... Qxe6 41. Qxa3 Qe4+ 42. Kh2 $19) 41. Qe8 Kxe6 {[%emt 0:01:16] Weighted Error Value: White=0.50/Black=0.17 (very precise) .  Loses game:     	White=1     	---        Mistake:       	White=5     	Black=2      OK:         	White=8     	Black=7      Best:        	White=1     	Black=5      Strong:       	---       	Black=1} 0-1

[Event "Polish University-ch Teams 2024"]
[Site "Lublin"]
[Date "2024.02.24"]
[Round "2.9"]
[White "Karpus, Michal"]
[Black "Rogala, Milosz"]
[Result "1-0"]
[ECO "B17"]
[WhiteElo "2243"]
[BlackElo "1839"]
[Annotator "ChessBase"]
[PlyCount "52"]
[EventDate "2024.02.22"]
[EventType "team-tourn"]
[EventCountry "POL"]
[SourceTitle "playchess.com"]
[Source "ChessBase"]
[SourceQuality "1"]
[TimeControl "900+5"]

1. e4 c6 2. d4 d5 3. Nc3 dxe4 4. Nxe4 Nd7 5. Ng5 Ngf6 6. Bd3 e6 7. Qe2 Bd6 8. N1f3 h6 9. Ne4 Nxe4 10. Qxe4 Nf6 11. Qe2 b6 12. Bd2 Bb7 13. Ne5 Qc7 14. f4 O-O-O 15. a4 c5 16. a5 b5 17. a6 Ba8 18. Ba5 Qe7 19. Bxb5 Bc7 20. Bc6 Bxc6 21. Nxc6 Qd6 22. Nxa7+ Kd7 23. Qb5+ Ke7 24. Nc6+ Kf8 25. Bxc7 Qxc7 26. Nxd8 Ke7 1-0